 Dungeon Crawl Stone Soup version 0.32-a0-913-g739538afd8 (webtiles) character file.

Game seed: 590170890191757577

44074 redmage the Fencer (level 14, 0/109 HPs)
             Began as a Merfolk Gladiator on Apr 8, 2024.
             Was a Priest of Beogh.
             Slain by Donald
             ... wielding a +0 scimitar
              (37 damage)
             ... on level 1 of the Orcish Mines.
             The game lasted 01:16:25 (16036 turns).

redmage the Fencer (Merfolk Gladiator)             Turns: 16036, Time: 01:16:25

Health: 0/109      AC: 20    Str: 14    XL:     14   Next: 27%
Magic:  13/21      EV: 21    Int:  8    God:    Beogh [***...]
Gold:   1864       SH: 13    Dex: 20    Spells: 18/23 levels left

rFire   + . .        a - +8 double sword (holy)
rCold   . . .        K - +2 kite shield
rNeg    . . .        z - +4 ring mail {rF+}
rPois   +            N - +1 helmet
rElec   .            D - +1 cloak
rCorr   .            Q - +0 pair of gloves
SInv    .            W - +0 pair of boots
Will    +....        (no amulet)
Stlth   +            J - +5 ring of evasion
HPRegen 0.38/turn    w - ring of poison resistance
MPRegen 0.17/turn

%: no passive effects
@: ice-armoured, very slightly contaminated
A: (nimble swimmer 2), mertail
a: Renounce Religion, Smiting, Recall Apostles, Dismiss Marbork, priest, Dismiss
Olfrun, warrior


You were on level 1 of the Orcish Mines.
You worshipped Beogh.
Beogh was most pleased with you.
You visited 4 branches of the dungeon, and saw 19 of its levels.
You also visited: Bailey.

You collected 2169 gold pieces.
You spent 305 gold pieces at shops.

Inventory:

Hand Weapons
 a - a +8 double sword of holy wrath (weapon)
 c - the +8 rapier of Imulyst {freeze, rC+}
   (You acquired it on level 7 of the Dungeon)

   rC+:       It protects you from cold.
 X - a +2 spectral quarterstaff
Missiles
 e - 5 javelins
 B - 12 boomerangs (quivered)
 E - a silver javelin
 F - 2 curare-tipped darts
 P - 5 throwing nets
Armour
 d - +1 acid dragon scales
 z - a +4 ring mail of fire resistance (worn)
 C - the orb "Adint" {guile, Str+8}
   (You found it on level 11 of the Dungeon)

   Str+8:     It affects your strength (+8).
 D - a +1 cloak (worn)
 K - a +2 kite shield (worn)
 N - a +1 helmet (worn)
 Q - a +0 pair of gloves (worn)
 W - a +0 pair of boots (worn)
Magical Staves
 M - the staff of the Absolute Madman {rF+ Int+3 Dex+4 Tloc Fire}
   (You found it in a bailey)

   [staff of fire]

   Base accuracy: +5 Base damage: 5 Base attack delay: 1.2 This weapon's minimum
   attack delay (0.6) is reached at skill level 12.
   Int+3:     It affects your intelligence (+3).
   Dex+4:     It affects your dexterity (+4).
   rF+:       It protects you from fire.
   Tloc:      It increases the power of your Translocations spells.
   Fire:      It increases the power of your Fire spells.
   It falls into the 'Staves' category.
   It is a one-handed weapon.
Jewellery
 b - a ring of willpower
 g - a ring of protection from fire
 w - a ring of poison resistance (right hand)
 J - a +5 ring of evasion (left hand)
 O - a ring of flight
Wands
 p - a wand of charming (14)
 S - a wand of mindburst (10)
 T - a wand of polymorph (2)
Scrolls
 j - a scroll of immolation
 k - 5 scrolls of teleportation
 l - 2 scrolls of poison
 m - a scroll of enchant armour
 q - a scroll of amnesia
 r - 2 scrolls of fog
 v - 3 scrolls of blinking
 A - 3 scrolls of identify
 H - 3 scrolls of fear
 I - a scroll of revelation
 U - a scroll of brand weapon
Potions
 f - 5 potions of curing
 h - a potion of resistance
 i - a potion of might
 n - 2 potions of enlightenment
 o - 3 potions of cancellation
 t - 3 potions of mutation
 x - a potion of haste
 G - a potion of berserk rage
 L - a potion of brilliance
 V - a potion of attraction
Miscellaneous
 s - a sack of spiders
 Y - a tin of tremorstones (2/2)


   Skills:
 + Level 9.7 Fighting
 - Level 4.6(10.8) Short Blades
 + Level 15.0(15.3) Long Blades
 - Level 2.0 Throwing
 + Level 7.0 Armour
 + Level 12.8 Dodging
 * Level 8.1 Shields
 - Level 5.0 Spellcasting
 - Level 5.5 Translocations
 - Level 7.4 Ice Magic


You had 18 spell levels left.
You knew the following spells:

 Your Spells              Type           Power      Damage    Failure   Level
a - Ozocubu's Armour      Ice            13%        N/A       19%         3
b - Blink                 Tloc           20%        N/A       21%         2

Your spell library contained the following spells:

 Spells                   Type           Power      Damage    Failure   Level
 Lesser Beckoning         Tloc           20%        N/A       21%         2
 Momentum Strike          Conj/Tloc      12%        3d8       52%         2
 Slow                     Hex            8%         N/A       77%         1
 Sting                    Conj/Alch      8%         1d3       77%         1
 Volatile Blastmotes      Fire/Tloc      12%        2d11      77%         3
 Call Imp                 Summ           4%         N/A       88%         2
 Cigotuvi's Dreadful Rot  Necr/Alch/Air  4%         N/A       88%         2
 Mercury Vapours          Alch/Air       4%         N/A       88%         2
 Static Discharge         Conj/Air       4%         3-4/arc   88%         2
 Sublimation of Blood     Necr           2%         N/A       88%         2
 Confusing Touch          Hex            2%         N/A       98%         3
 Fugue of the Fallen      Necr           2%         N/A       98%         3
 Passwall                 Erth           2%         N/A       98%         3
 Vampiric Draining        Necr           2%         2d6       98%         3
 Vhi's Electric Charge    Tloc/Air       12%        N/A       99%         4
 Airstrike                Air            1%         2d(1-17)  100%        4
 Dispel Undead            Necr           2%         3d7       100%        4
 Martyr's Knell           Necr/Summ      2%         N/A       100%        4
 Olgreb's Toxic Radiance  Alch           2%         N/A       100%        4
 Summon Lightning Spire   Summ/Air       2%         N/A       100%        4
 Bombard                  Conj/Erth      1%         9d1       100%        6
 Manifold Assault         Tloc           5%         N/A       100%        7
 Summon Hydra             Summ           1%         N/A       100%        7


Dungeon Overview and Level Annotations

Branches:
Dungeon (13/15)            Temple (1/1) D:6            Lair (3/5) D:10
  Snake (0/4) Lair:2          Orc (2/2) D:12         Bailey (visited)
  Swamp: Lair:2-3    Shoals: Lair:2-3       Elf: Orc:2       Vaults: D:13-14

Altars:
Ashenzari
Cheibriados
Dithmenos
Elyvilon
Fedhas
Gozag
Hepliaklqana
Kikubaaqudgha
Makhleb
Nemelex Xobeh
Okawaru
Qazlal
Ru
Sif Muna
Trog
Uskayaw
Vehumet
Wu Jian
Xom
Yredelemnul
Zin
The Shining One

Shops:
D:4 *:   D:6 (

Annotations:
D:3 Grinder
D:5 Edmund
D:7 Jeremiah
D:9 2 transporters, riojii's ghost, journeyman CoBe
Temple 4 transporters
Lair:2 1 runed translucent door, Arkalis's ghost, journeyman CoCK
Orc:1 Donald
Orc:2 Jorgrun


Innate Abilities, Weirdness & Mutations

Your facial features look somewhat orcish.
((You are very nimble when in or above water. (Stealth+, EV+, Speed+++)))
Your lower body shifts to a powerful aquatic tail in water.


Message History

The orc warrior hits Marbork with a +0 war axe.
Your troll bites Donald.
Your troll barely misses Donald.
Donald blocks your troll's attack.
Olfrun hits Donald but does no damage.
Donald hits you but does no damage.
Marbork hits the orc warrior with a +0 flail of protection!
Unknown command.
You slice the two-headed ogre!!
The two-headed ogre is moderately wounded.
Donald hits you but does no damage. You block the orc warrior's attack.
The orc warrior hits Marbork with a +0 war axe.
Donald blocks your troll's attack.
Your troll closely misses Donald.
Donald blocks your troll's attack.
Olfrun hits Donald with a +4 dire flail of protection!
The two-headed ogre closely misses you. You block the two-headed ogre's attack.
Marbork misses the orc warrior.
Unknown command.
You slice the two-headed ogre!!
The two-headed ogre is severely wounded.
You block Donald's attack.
Donald blocks Olfrun's attack.
The orc warrior barely misses you.
The orc warrior hits Marbork but does no damage.
Donald blocks your troll's attack.
Your troll completely misses Donald.
Donald blocks your troll's attack. Donald hits you with a +0 scimitar!
Unknown command.
You hit the two-headed ogre but do no damage.
The two-headed ogre is severely wounded.
Marbork hits the orc warrior with a +0 flail of protection.
The two-headed ogre closely misses you.
The two-headed ogre hits you with a +0 giant spiked club!
Donald hits you with a +0 scimitar! The orc warrior completely misses you.
The orc warrior hits Marbork but does no damage.
Your troll bites Donald but does no damage.
Donald blocks your troll's attack. x2; Olfrun barely misses Donald.
Unknown command.
You slice the two-headed ogre!!
The two-headed ogre is almost dead.
Donald says, "Beogh's pretty vain.
All their worshippers get remade in their image."
Donald hits you with a +0 scimitar!!!
You die...
Donald says, "I won.
I... don't hate that."

### ### ##.## ##.#### #...####
#...#.## ##....#.## ###
##.....####........####.#
###....[..#.....<.#.##.....
##.##................#......
##...###...o@O...............
##.#...#....T@o[.[............
#........)..[)o.[.........#.##
##.##.........)..........####
####............#...#.###
##...........)#.....##
#............#.....######
##.................###.#.##
#....#.....##.#.....#.....#
##....#..........#.#...#.##


You could see Donald (fast, strong, ally target), a two-headed ogre, an orc
warrior (ally target), the friendly Marbork the orc apostle, the friendly Olfrun
the orc apostle and a friendly troll (charmed).

Vanquished Creatures
  Gastronok (Lair:2)
  Harold (D:9)
  A boulder beetle (D:11)
  A centaur warrior (D:8)
  An ogre mage (Orc:1)
  3 two-headed ogres
  2 tengu warriors
  An iron troll (Orc:1)
  A cyclops (Orc:1)
  An ugly thing (D:12)
  4 elephants (Lair:3)
  4 kobold blastminers
  2 gargoyles
  A torpor snail (Lair:1)
  6 cane toads
  Maggie (D:6)
  A komodo dragon (Lair:1)
  2 rime drakes (Lair:2)
  8 trolls
  A hornet (Lair:2)
  13 blink frogs
  A polar bear (Lair:2)
  4 wyverns
  A vampire (D:11)
  63 yaks
  3 wraiths
  4 vampire mosquitoes
  A basilisk (D:10)
  Menkaure (D:7)
  2 steam dragons
  3 acid dragons
  9 water moccasins
  8 orc warriors
  2 sky beasts (D:6)
  A black bear (D:7)
  An ice beast (D:6)
  9 ogres
  9 centaurs
  A kobold brigand (D:8)
  7 bullfrogs
  2 gnoll sergeants
  7 scorpions
  3 wights (D:8)
  5 killer bees (D:9)
  3 howler monkeys
  A hound (D:7)
  2 gnoll boudas
  A bombardier beetle (D:6)
  4 orc priests
  A sleepcap (D:8)
  4 iguanas
  8 orc wizards
  28 gnolls
  3 adders
  4 shadow imps
  5 white imps
  An ufetubus (D:5)
  5 dart slugs
  4 ribbon worms
  30 orcs
  7 endoplasms
  3 giant cockroaches
  4 goblins
  11 hobgoblins
  4 jackals
  17 kobolds
  2 quokkas
  11 ball pythons
  4 bats
  4 frilled lizards
  4 rats
378 creatures vanquished.

Vanquished Creatures (collateral kills)
  A two-headed ogre (Orc:1)
  An orc warrior (Orc:1)
  A howler monkey (D:5)
  A gnoll bouda (D:5)
  A shadow imp (D:5)
  An ufetubus (D:5)
  2 orcs
  A quokka (D:5)
9 creatures vanquished.

Vanquished Creatures (others)
  A troll (D:8)
  An orc apostle (Orc:1)
  2 orc warriors (Orc:1)
  A bombardier beetle (D:5)
  An orc wizard (D:8)
  An orc (Orc:2)
7 creatures vanquished.

Grand Total: 394 creatures vanquished

Notes
Turn   | Place    | Note
-------+----------+-------------------------------------------
     0 | D:1      | redmage the Merfolk Gladiator began the quest for the Orb.
     0 | D:1      | Reached XP level 1. HP: 16/16 MP: 1/1
   169 | D:1      | Reached XP level 2. HP: 22/23 MP: 2/2
   204 | D:1      | Reached skill level 4 in Long Blades
   548 | D:1      | Reached XP level 3. HP: 28/28 MP: 3/3
  1591 | D:2      | Reached XP level 4. HP: 34/34 MP: 4/4
  1944 | D:3      | Reached skill level 5 in Long Blades
  2104 | D:3      | Learned a level 3 spell: Ozocubu's Armour
  2148 | D:3      | Noticed Grinder
  2150 | D:3      | Paralysed by Grinder for 3 turns
  2328 | D:4      | Reached XP level 5. HP: 20/41 MP: 5/5
  2434 | D:4      | Found Roeponei's Book Emporium.
  2515 | D:4      | Found a sacrificial altar of Ru.
  2515 | D:4      | Found an iron altar of Okawaru.
  2516 | D:4      | Found a shadowy altar of Dithmenos.
  2517 | D:4      | Found a radiant altar of Vehumet.
  2517 | D:4      | Found an ancient bone altar of Kikubaaqudgha.
  2527 | D:4      | Reached skill level 5 in Dodging
  2593 | D:4      | Found Vutzey's General Store.
  2596 | D:4      | Bought a scroll of identify for 26 gold pieces
  2596 | D:4      | Bought a scroll of fear for 52 gold pieces
  2596 | D:4      | Bought a potion of curing for 39 gold pieces
  2815 | D:5      | Entered Level 5 of the Dungeon
  2907 | D:4      | Reached skill level 1 in Ice Magic
  3116 | D:4      | Found a blossoming altar of Fedhas.
  3333 | D:4      | Reached skill level 1 in Armour
  3333 | D:4      | Reached XP level 6. HP: 43/47 MP: 6/6
  3377 | D:4      | Identified the +3 leather armour of Sunlight {rCorr Int+6
                  | Dex-5}
  3515 | D:5      | Reached skill level 1 in Short Blades
  4220 | D:5      | Reached XP level 7. HP: 52/52 MP: 7/7
  4221 | D:5      | Noticed Edmund
  4243 | D:5      | Found a hazy altar of Hepliaklqana.
  4417 | D:5      | Identified the +9 flail of the Beginning {distort, *Corrode
                  | Str+4 Dex+5}
  4438 | D:6      | Noticed a wraith
  4467 | D:5      | Identified 3 scrolls of acquirement
  4467 | D:5      | Acquired 819 gold pieces
  4485 | D:5      | Acquired a +3 vampiric falchion
  4491 | D:5      | Acquired a +2 double sword of holy wrath
  4854 | D:6      | Found a stormy altar of Qazlal.
  5064 | D:6      | Reached XP level 8. HP: 52/58 MP: 8/8
  5265 | D:6      | Reached skill level 6 in Long Blades
  5631 | D:6      | Killed a wraith
  5632 | D:6      | Reached skill level 5 in Ice Magic
  5740 | D:6      | Found Edwank's Firing Range.
  5744 | D:6      | Bought a throwing net for 33 gold pieces
  6017 | D:6      | Found a staircase to the Ecumenical Temple.
  6024 | Temple   | Found a transporter.
  6024 | Temple   | Found a transporter.
  6024 | Temple   | Found a transporter.
  6024 | Temple   | Found a transporter.
  6024 | Temple   | Entered the Ecumenical Temple
  6176 | D:6      | Noticed Maggie
  6311 | D:6      | Killed Maggie
  6312 | D:6      | Reached skill level 7 in Long Blades
  6312 | D:6      | Reached XP level 9. HP: 22/64 MP: 7/9
  6622 | D:7      | Found a flagged portal.
  6631 | Bailey   | Entered a bailey
  6636 | Bailey   | Noticed an orc warlord
  6810 | Bailey   | Found a runed translucent gate.
  6812 | Bailey   | Found a runed translucent gate.
  6814 | Bailey   | Found a runed translucent gate.
  6830 | Bailey   | Reached skill level 1 in Spellcasting
  6916 | Bailey   | Reached skill level 8 in Long Blades
  6980 | Bailey   | Identified the staff of the Absolute Madman {rF+ Int+3
                  | Dex+4 Tloc Fire}
  7000 | D:7      | Acquired the +8 rapier of Imulyst {freeze, rC+}
  7125 | D:7      | Noticed Jeremiah
  7307 | D:4      | Bought a scroll of enchant weapon for 97 gold pieces
  7307 | D:4      | Bought a +0 pair of gloves for 58 gold pieces
  7611 | D:7      | Noticed Menkaure
  7616 | D:7      | Killed Menkaure
  7834 | D:8      | Reached skill level 9 in Long Blades
  7840 | D:8      | Reached XP level 10. HP: 35/70 MP: 11/14
  7989 | D:8      | Reached skill level 5 in Armour
  8230 | D:8      | Found a burning altar of Makhleb.
  8450 | D:8      | Noticed a gargoyle
  8459 | D:8      | Killed a gargoyle
  8460 | D:8      | Reached skill level 10 in Long Blades
  8556 | D:8      | Found an opulent altar of Gozag.
  8557 | D:8      | Found a shimmering altar of Xom.
  8558 | D:8      | Found a hide-covered altar of Uskayaw.
  8558 | D:8      | Found a shimmering altar of Xom.
  8703 | D:8      | Noticed a five-headed hydra
  9023 | D:9      | Noticed Harold
  9096 | D:8      | Noticed a centaur warrior
  9108 | D:8      | Killed a centaur warrior
  9109 | D:8      | Reached skill level 11 in Long Blades
  9191 | D:8      | Noticed a tengu warrior
  9205 | D:8      | HP: 3/70 [tengu warrior/+0 great sword (13)]
  9211 | D:8      | Killed a tengu warrior
  9212 | D:8      | Reached XP level 11. HP: 48/75 MP: 14/18
  9267 | D:8      | Reached skill level 10 in Dodging
  9328 | D:8      | Learned a level 2 spell: Blink
  9468 | D:9      | Found a transporter.
  9468 | D:9      | Found a transporter.
  9468 | D:9      | Noticed riojii's ghost (journeyman CoBe)
  9527 | D:9      | Killed Harold
  9528 | D:9      | Reached skill level 5 in Spellcasting
  9528 | D:9      | Reached skill level 1 in Translocations
  9815 | D:9      | Reached skill level 12 in Long Blades
  9847 | D:9      | Reached skill level 13 in Long Blades
  9847 | D:9      | Reached skill level 5 in Translocations
  9847 | D:9      | Reached XP level 12. HP: 89/89 MP: 19/19
  9968 | D:9      | Became a worshipper of Beogh the Shepherd
 10102 | D:10     | Entered Level 10 of the Dungeon
 10700 | D:10     | Found a staircase to the Lair.
 10836 | D:10     | Reached * piety under Beogh
 10904 | D:10     | Reached skill level 1 in Shields
 10912 | D:10     | Found the +5 robe of Misfortune {Harm *Corrode *Slow EV+5}
 11329 | Lair:1   | Entered Level 1 of the Lair of Beasts
 11661 | Lair:1   | Reached XP level 13. HP: 96/98 MP: 20/20
 12405 | Lair:1   | Reached skill level 14 in Long Blades
 12948 | Lair:2   | Identified the +3 leather armour "Alooss" {Int+5 Stlth+}
 13097 | Lair:2   | Found a runed translucent door.
 13112 | Lair:2   | Noticed Arkalis's ghost (journeyman CoCK)
 13142 | Lair:2   | Identified the +9 trident of Prudence {flame, rC++ rCorr
                  | Str+3}
 13169 | Lair:2   | Reached skill level 5 in Shields
 13249 | Lair:2   | Found a staircase to the Snake Pit.
 13265 | Lair:2   | Noticed Gastronok
 13307 | Lair:2   | Killed Gastronok
 13641 | Lair:2   | Reached ** piety under Beogh
 14387 | D:11     | Identified the orb "Adint" {guile, Str+8}
 14627 | D:11     | Identified the +3 long sword of Hubris {elec, *Corrode
                  | Will+ Str+2 Dex+2}
 14760 | D:11     | You fall into a shaft and drop 2 floors!
 14864 | D:12     | Found a staircase to the Orcish Mines.
 14867 | D:12     | Reached *** piety under Beogh
 14913 | D:12     | Anointed Marbork the priest as your apostle
 14944 | Orc:1    | Entered Level 1 of the Orcish Mines
 14967 | Orc:1    | Your ally Marbork died
 14981 | Orc:1    | Reached XP level 14. HP: 60/108 MP: 21/21
 15222 | Orc:2    | Entered Level 2 of the Orcish Mines
 15539 | Orc:2    | Noticed Jorgrun
 15704 | Orc:1    | Anointed Olfrun the warrior as your apostle
 15804 | Orc:2    | Noticed Donald
 15825 | Orc:1    | Reached skill level 15 in Long Blades
 16036 | Orc:1    | Slain by Donald

Illustrated notes

Levels and vault maps discovered:
D:1:      amcnicky_arrival_choice, layout_basic
D:2:      layout_loops_cross, nicolae_wormholes
D:3:      layout_loops_ring, corexii_leaking_fountain,
          kennysheep_cluttered_room, uniq_grinder
D:4:      layout_basic, fedhas_altar_fruit_tree, grunt_temple_overflow_open,
          serial_shops, shop, nicolae_take_the_stairs, minmay_increasing_density
D:5:      layout_basic, mainiacjoe_overflow_24_doors, uniq_edmund
D:6:      layout_loops_cross, amcnicky_altar_gilded,
          minmay_temple_entry_nine_rooms, cheibrodos_sewer_entry_bend,
          nicolae_shop_firing_range, uniq_maggie
D:7:      layout_rooms, enter_bailey_2, uniq_menkaure, uniq_jeremiah
D:8:      minmay_the_grid_octo_tiled_octocenter
          [minmay_the_grid_octo_tetromino_candy,
          minmay_the_grid_octo_concentric, minmay_the_grid_octo_shrine,
          minmay_the_grid_octo_clover,
          minmay_the_grid_octo_prize_square_snowflake,
          minmay_the_grid_square_5x5_two, minmay_the_grid_square_5x5_minivault,
          minmay_the_grid_square_5x5_inner_v,
          minmay_the_grid_square_5x5_intrusive_squares], layout_cave_pools,
          lightli_temple_of_fire
D:9:      layout_basic, gammafunk_ghost_hive, nicolae_lava_and_water,
          uniq_harold
D:10:     layout_loops_ring, erik_lair_dragon
D:11:     layout_cave_pools
D:12:     layout_loops_ring, david_orc_3
D:13:     layout_grid_maze
Temple:   hellmonk_temple_divided_pantheon
Lair:1:   layout_loops_ring, chequers_serial_rivers_room_a
Lair:2:   layout_gridlike, mainiacjoe_swamp_entry_angry_trees,
          dummy_snake_entry, ebering_ghost_funeral_grove, grunt_megastairs_4,
          uniq_gastronok
Lair:3:   layout_small_grid, chequers_serial_rivers_micro_c, lemuel_fruit_tree,
          serial_bayou_shore_b
Orc:1:    layout_caves, serial_shops
Orc:2:    st_orc_open, layout_caves, uniq_donald, uniq_jorgrun

Skill      XL: |  1  2  3  4  5  6  7  8  9 10 11 12 13 14 |
---------------+-------------------------------------------+-----
Long Blades    | 4 5 7 9 11 13 14 15 | 15.0
Fighting       | 3 6 7 9 |  9.7
Dodging        | 5 6 8 9 10 11 12 | 12.8
Ice Magic      | 1 2 4 5 6 7 |  7.4
Armour         | 1 2 3 4 5 6 7 |  7.0
Short Blades   | 2 4 |  4.6
Spellcasting   | 2 4 5 |  5.0
Translocations | 5 |  5.5
Shields        | 3 7 8 |  8.1
Throwing       | |  2.0

Action                     |  1- 3 |  4- 6 |  7- 9 | 10-12 | 13-15 || total
---------------------------+-------+-------+-------+-------+-------++-------
  Melee: Long sword        |   124 |   116 |       |       |       ||   240
         Short sword       |       |   151 |    43 |       |       ||   194
         Falchion          |       |       |   304 |   470 |   129 ||   903
         Double sword      |       |       |     4 |   152 |   341 ||   497
         Rapier            |       |       |    96 |    17 |   127 ||   240
         Tailslap          |       |       |       |     2 |       ||     2
  Throw: Throwing net      |       |       |     4 |       |       ||     4
         Dart              |       |       |     2 |       |       ||     2
         Boomerang         |       |       |     3 |       |     1 ||     4
   Cast: Ozocubu's Armour  |       |       |     7 |    15 |    17 ||    39
 Invoke: Convert to Beogh  |       |       |       |     1 |       ||     1
         Recruit Apostle   |       |       |       |       |     2 ||     2
         Recall Apostles   |       |       |       |       |     1 ||     1
  Evoke: Wand              |       |     3 |     4 |     7 |     6 ||    20
         Sack of spiders   |       |       |       |     1 |       ||     1
    Use: Scroll            |       |     2 |    16 |    11 |    10 ||    39
         Potion            |       |       |     1 |     7 |       ||     8
   Stab: Sleeping          |     1 |       |     1 |       |       ||     2
         Held in net/web   |       |       |     1 |       |       ||     1
         Distracted        |       |       |     1 |       |     1 ||     2
         Betrayed ally     |       |       |     1 |       |       ||     1
 Armour: Leather armour    |    72 |    63 |   162 |       |       ||   297
         Plate armour      |       |   133 |       |       |       ||   133
         Ring mail         |       |    10 |       |   183 |   216 ||   409
         Acid dragon scale |       |       |    93 |    48 |       ||   141
         Troll leather arm |       |       |       |    42 |       ||    42
  Dodge: Dodged            |    96 |   115 |   270 |   549 |   417 ||  1447
  Block: Kite shield       |       |       |       |    24 |   480 ||   504

Table legend: (Time is in decaauts)
 A = Elapsed time spent in this place.
 B = Non-inter-level travel time spent in this place.
 C = Inter-level travel time spent in this place.
 D = Time resting spent in this place.
 E = Time spent auto-exploring this place.
 F = Levels seen in this place.
 G = Mean time per level.
                   A        B        C        D        E       F      G
               +--------+--------+--------+--------+--------+-----+--------+
         Total |  15775 |  14527 |   1248 |   1421 |   8587 |  20 |  788.8 |
       Dungeon |  11588 |  10535 |   1053 |    717 |   6617 |  13 |  891.4 |
        Temple |     23 |     23 |      0 |      0 |      0 |   1 |   23.0 |
          Lair |   2720 |   2545 |    175 |    229 |   1627 |   3 |  906.7 |
  Orcish Mines |   1084 |   1064 |     20 |    475 |    292 |   2 |  542.0 |
        Bailey |    359 |    359 |      0 |      0 |     50 |   1 |  359.0 |
               +--------+--------+--------+--------+--------+-----+--------+

Top non-repeatable levels by time:
     D:6: 1774 daAuts
     D:4: 1485 daAuts
     D:8: 1384 daAuts
     D:5: 1350 daAuts
    D:10: 1303 daAuts
  Lair:1: 1267 daAuts
  Lair:2: 1164 daAuts
     D:1: 1085 daAuts
   Orc:1: 1025 daAuts
     D:9: 881 daAuts
     D:2: 598 daAuts
     D:7: 589 daAuts
     D:3: 544 daAuts
    D:11: 410 daAuts
  Bailey: 359 daAuts
